 Dungeon Crawl Stone Soup version 0.32-a0-876-gcfddb08e57 (webtiles) character file.

Game seed: 9588268205698292762

1049 croobank the Caller (level 7, -3/57 HPs)
             Began as a Demigod Summoner on Mar 31, 2024.
             Killed by an exploding blazeheart core (6 damage)
             ... on level 6 of the Dungeon.
             The game lasted 00:54:44 (6087 turns).

croobank the Caller (Demigod Summoner)              Turns: 6087, Time: 00:54:45

Health: -3/57      AC:  7    Str:  9    XL:     7   Next: 76%
Magic:  5/15       EV: 12    Int: 25    God:
Gold:   157        SH:  5    Dex: 14    Spells: 3/13 levels left

rFire   + . .        a - +2 trident (vamp)
rCold   + . .        (no shield)
rNeg    . . .        g - +1 robe {rC+ rF+}
rPois   .            (no helmet)
rElec   .            (no cloak)
rCorr   .            (no gloves)
SInv    .            (no boots)
Will    .....        p - amulet of reflection
Stlth   +++          n - ring of wizardry
HPRegen 0.29/turn    u - +4 ring of protection
MPRegen 0.14/turn

%: reflection, wizardry (x1)
@: lethally poisoned (-3 -> -14)
A: high MP 1, forlorn, divine attributes
a: no special abilities


You were on level 6 of the Dungeon.
You visited 1 branch of the dungeon, and saw 6 of its levels.
You also visited: Sewer.

You collected 157 gold pieces.

Inventory:

Hand Weapons
 a - a +2 vampiric trident (weapon)
 b - a +2 hand cannon of flaming
 d - a +0 long sword
 h - a +0 short sword
 j - a +0 dagger of venom
Armour
 g - a +1 robe of resistance (worn)
 t - a +0 buckler
Jewellery
 n - a ring of wizardry (left hand)
 p - an amulet of reflection (around neck)
 r - a +5 ring of evasion
 u - a +4 ring of protection (right hand)
Wands
 v - a wand of digging (8)
 w - a wand of flame (13)
Scrolls
 e - 2 scrolls of blinking
 k - a scroll of vulnerability
 y - 2 scrolls of fog
 z - 2 scrolls of teleportation {unknown}
 A - a scroll of revelation {unknown}
Potions
 c - 2 potions of enlightenment
 f - a potion of might
 i - 2 potions of heal wounds
 l - 3 potions of curing
 m - a potion of mutation {unknown}
 o - 2 potions of magic
 q - 2 potions of attraction {unknown}
 s - a potion of ambrosia {unknown}
 x - a potion of resistance {unknown}


   Skills:
 + Level 3.0 Fighting
 + Level 3.9 Dodging
 + Level 4.2 Stealth
 + Level 3.6 Spellcasting
 + Level 5.1 Summonings
 * Level 2.8 Fire Magic


You had 3 spell levels left.
You knew the following spells:

 Your Spells              Type           Power      Damage    Failure   Level
a - Summon Small Mammal   Summ           100%       N/A       1%          1
b - Call Imp              Summ           60%        N/A       1%          2
c - Call Canine Familiar  Summ           30%        N/A       1%          3
d - Summon Blazeheart Go  Fire/Summ      24%        N/A       8%          4

Your spell library contained the following spells:

 Spells                   Type           Power      Damage    Failure   Level
 Summon Lightning Spire   Summ/Air       17%        N/A       13%         4


Dungeon Overview and Level Annotations

Branches:
Dungeon (6/15)              Sewer (visited)
 Temple: D:4-7


Innate Abilities, Weirdness & Mutations

You have an increased reservoir of magic. (+10% MP)
You shall have no god before yourself.
Your divine heritage dramatically boosts your attributes as you level up.


Message History

You block the centaur's attack.
The centaur kicks you but does no damage.
The water moccasin bites you.
Your blazeheart golem closely misses the centaur.
You hit the water moccasin.
You feel better.
The water moccasin is moderately wounded.
You feel sick. The centaur closely misses you. You block the centaur's attack.
The water moccasin bites you. The centaur completely misses you.
The centaur closely misses you. The water moccasin bites you!
Okay, then.
Okay, then.
Unknown command.
Okay, then.
You closely miss the water moccasin.
The water moccasin is moderately wounded.
You feel sick. The centaur completely misses you.
The centaur kicks you but does no damage.
You block the water moccasin's attack.
Your blazeheart golem punches the centaur.
The centaur hits you.
* * * LOW HITPOINT WARNING * * *
The centaur kicks you but does no damage.
You hit the water moccasin.
You feel better.
The water moccasin is heavily wounded.
You feel sick. You block the water moccasin's attack. The centaur hits you.
* * * LOW HITPOINT WARNING * * *
The centaur barely misses you. The water moccasin bites you!
* * * LOW HITPOINT WARNING * * *
You are lethally poisoned!
The water moccasin poisons you!
The centaur hits you but does no damage.
The centaur completely misses you.
Your blazeheart golem punches the centaur.
Your blazeheart golem falls apart, revealing its core!
* * * LOW HITPOINT WARNING * * *
You feel very sick.
The centaur completely misses your blazeheart core. x2
Your blazeheart core explodes!
The fiery explosion engulfs you. You resist.
You die...

#.# ######..#.# #.#
#..#.# #.# #..#.#### #.#
#..#..... #.# #..#.#...
#.# #........ #.# #
#...#....
#.#.######†.......
########@#........#._.#..
........S○....#.#.......#
########.c....#.....#...#
#....J.....##........#
.............###########
.............#
.............#
........)....#
.........#####


You could see a water moccasin, a centaur and a jelly.

Vanquished Creatures
  An orc warrior (D:5)
  A sky beast (D:6)
  An ogre (D:5)
  A scorpion (D:6)
  Dowan (D:4)
  A jelly (D:5)
  2 orc priests (D:5)
  3 hounds
  An orc wizard (D:5)
  An adder (D:4)
  2 river rats (Sewer)
  An ufetubus (D:5)
  A ribbon worm (D:4)
  3 bats
  3 endoplasms
  A goblin (D:3)
  3 hobgoblins
  A quokka (D:4)
  3 ball pythons
  2 frilled lizards (D:2)
  A kobold (D:2)
  4 rats
38 creatures vanquished.

Vanquished Creatures (collateral kills)
  Duvessa (D:4)
  A black bear (D:5)
  A hound (D:5)
  A bombardier beetle (D:5)
  A sleepcap (D:4)
  A hell rat (Sewer)
  5 adders
  An ufetubus (D:5)
  A dart slug (D:3)
  A ribbon worm (D:3)
  8 orcs
  4 ball pythons
  4 endoplasms
  2 giant cockroaches (D:1)
  7 goblins
  8 hobgoblins
  4 kobolds
  A quokka (D:1)
  A bat (D:2)
  11 frilled lizards
  5 rats
69 creatures vanquished.

Vanquished Creatures (others)
  5 blazeheart cores
5 creatures vanquished.

Grand Total: 112 creatures vanquished

Notes
Turn   | Place    | Note
-------+----------+-------------------------------------------
     0 | D:1      | croobank the Demigod Summoner began the quest for the Orb.
     0 | D:1      | Reached XP level 1. HP: 14/14 MP: 5/5
   328 | D:1      | Reached XP level 2. HP: 20/20 MP: 7/7
   331 | D:1      | Learned a level 2 spell: Call Imp
  1156 | D:2      | Reached XP level 3. HP: 26/26 MP: 4/8
  1189 | D:2      | Identified the +0 helmet of Viblose {Harm rC++ Int+4 Dex+2}
  1259 | D:2      | Learned a level 3 spell: Call Canine Familiar
  1718 | D:2      | Reached skill level 4 in Summonings
  2315 | D:3      | Reached XP level 4. HP: 34/34 MP: 4/10
  2398 | D:3      | Identified the +4 quarterstaff "Bufuafut" {freeze, rF-
                  | rC+++ rCorr Dex+7}
  2601 | D:3      | Reached skill level 1 in Fighting
  3265 | D:4      | Found a glowing drain.
  3271 | Sewer    | Entered a sewer
  3383 | Sewer    | Reached XP level 5. HP: 40/40 MP: 5/11
  3993 | D:4      | Noticed Duvessa
  3993 | D:4      | Noticed Dowan
  4705 | D:5      | Entered Level 5 of the Dungeon
  4820 | D:5      | Noticed a black bear
  4864 | D:5      | Killed a black bear
  4865 | D:5      | Reached XP level 6. HP: 48/48 MP: 2/13
  4870 | D:5      | Learned a level 4 spell: Summon Blazeheart Golem
  5054 | D:5      | Reached skill level 1 in Fire Magic
  5214 | D:5      | Reached XP level 7. HP: 56/56 MP: 4/15
  5804 | D:4      | Killed Duvessa
  5825 | D:4      | Killed Dowan
  5826 | D:4      | Reached skill level 5 in Summonings
  6087 | D:6      | Killed by an exploding blazeheart core

Illustrated notes

Levels and vault maps discovered:
D:1:      dpeg_arrival_rooms_a, layout_basic
D:2:      layout_basic, hangedman_decor_slide_cut, minmay_lizard_king
D:3:      layout_loops_corners, mainiacjoe_overflow_paths, bloody_trog,
          hellmonk_ecumenical_altar_leap_of_faith, kennysheep_cluttered_room
D:4:      layout_basic, gammafunk_temple_overflow_elements,
          mainiacjoe_sewer_entry_somewhere_in_here_1,
          chequers_serial_rivers_large_b, uniq_duvessa
D:5:      layout_cave_pools, minmay_misc_feat_room
D:6:      layout_basic, vehumet_altar_wand_db, lemuel_tele_altar, serial_shops,
          shop

Skill      XL: |  1  2  3  4  5  6  7 |
---------------+----------------------+-----
Stealth        | 2 3 4 |  4.2
Dodging        | 2 3 |  3.9
Spellcasting   | 2 3 |  3.6
Summonings     | 4 5 |  5.1
Fighting       | 1 2 3 |  3.0
Fire Magic     | 1 2 |  2.8

Action                     |  1- 3 |  4- 6 |  7- 9 || total
---------------------------+-------+-------+-------++-------
  Melee: Unarmed           |    12 |       |       ||    12
         Dagger            |    33 |       |       ||    33
         Trident           |       |    76 |    21 ||    97
   Cast: Summon Small Mamm |    27 |    31 |     1 ||    59
         Call Imp          |    10 |    21 |     1 ||    32
         Call Canine Famil |     6 |    17 |     2 ||    25
         Summon Blazeheart |       |     2 |     6 ||     8
    Use: Scroll            |       |     8 |       ||     8
         Potion            |       |     1 |     1 ||     2
   Stab: Sleeping          |     7 |     3 |     1 ||    11
         Distracted        |       |     1 |       ||     1
 Armour: Robe              |    27 |    36 |    39 ||   102
  Dodge: Dodged            |    30 |    32 |    33 ||    95
  Block: Other             |     4 |    10 |    14 ||    28
         Reflection        |       |       |     1 ||     1

Table legend: (Time is in decaauts)
 A = Elapsed time spent in this place.
 B = Non-inter-level travel time spent in this place.
 C = Inter-level travel time spent in this place.
 D = Time resting spent in this place.
 E = Time spent auto-exploring this place.
 F = Levels seen in this place.
 G = Mean time per level.
                   A        B        C        D        E       F      G
               +--------+--------+--------+--------+--------+-----+--------+
         Total |   6180 |   5945 |    235 |    762 |   4020 |   7 |  882.9 |
       Dungeon |   5964 |   5729 |    235 |    762 |   3872 |   6 |  994.0 |
         Sewer |    216 |    216 |      0 |      0 |    148 |   1 |  216.0 |
               +--------+--------+--------+--------+--------+-----+--------+

Top non-repeatable levels by time:
     D:4: 1728 daAuts
     D:2: 1112 daAuts
     D:3: 1111 daAuts
     D:5: 977 daAuts
     D:1: 922 daAuts
   Sewer: 216 daAuts
     D:6: 112 daAuts
